 Dungeon Crawl Stone Soup version 0.19.5 (webtiles) character file.

317468 Inarius the Hoplite (level 20, -8/193 HPs)
             Began as a Minotaur Fighter on Apr 25, 2017.
             Was a High Priest of Qazlal.
             Mangled by an acid blob (19 damage)
             ... on level 4 of the Pits of Slime on Apr 26, 2017.
             The game lasted 04:13:41 (38428 turns).

Inarius the Hoplite (Minotaur Fighter)             Turns: 38428, Time: 04:13:49

Health: -8/193     AC: 20    Str: 23      XL:     20   Next: 55%
Magic:  24/24      EV: 12    Int:  5 (6)  God:    Qazlal [*****.]
Gold:   57         SH: 32    Dex: 15 (16) Spells: 0 memorised, 19 levels left

rFire  + . .     SeeInvis .     z - +7 double sword (freeze)
rCold  + . .     Gourm    .     B - +3 plate armour {rF+}
rNeg   + . .     Faith    .     H - +3 shield {reflect}
rPois  .         Spirit   .     (helmet unavailable)
rElec  .         Reflect  +     O - +0 cloak of the Comet {+Inv +Fly Dex+2}
rCorr  +         Harm     .     (no gloves)
MR     ++++.     Clarity  +     Y - +1 pair of boots
Stlth  ..........               t - amulet of the Four Winds {rN+ MR+++ Clar}
                                C - ring of resist corrosion
                                M - +4 ring of slaying

@: corroded, repel missiles
A: retaliatory headbutt, claws 1, horns 3, large bone plates 1, rugged brown
scales 1, blurry vision 1, clarity, cold resistance 1, deterioration 1, mutation
resistance 1, weak 1
a: Upheaval, Elemental Force, Disaster Area, Renounce Religion, Evoke
Invisibility, Evoke Flight
}: 2/15 runes: serpentine, barnacled


You were on level 4 of the Pits of Slime.
You worshipped Qazlal.
Qazlal was extremely pleased with you.
You were not hungry.

You visited 7 branches of the dungeon, and saw 37 of its levels.
You also visited: Sewer and Ossuary.

You collected 3093 gold pieces.
You spent 3036 gold pieces at shops.

Inventory:

Hand Weapons
 z - a +7 double sword of freezing (weapon)
Armour
 B - a +3 plate armour of fire resistance (worn)
 H - a +3 shield of reflection (worn)
 O - the +0 cloak of the Comet (worn) {+Inv +Fly Dex+2}
   (You acquired it on level 1 of the Snake Pit)

   It affects your dexterity (+2).
   It lets you turn invisible.
   It lets you fly.
 Y - a +1 pair of boots (worn)
Jewellery
 i - the ring "Piurax" {*Corrode rC+ rN+++ Str-3 Dex+5}
   (You took it off a deep elf annihilator on level 3 of the Elven Halls)

   [ring of protection from cold]

   It affects your strength (-3).
   It affects your dexterity (+5).
   It protects you from cold.
   It renders you almost immune to negative energy.
   It may corrode you when you take damage.
 k - the ring of Insomnia {rPois Str+4 Int-4 Dex+8}
   (You bought it in a shop on level 4 of the Shoals)

   [ring of poison resistance]

   It affects your strength (+4).
   It affects your intelligence (-4).
   It affects your dexterity (+8).
   It protects you from poison.
 t - the amulet of the Four Winds (around neck) {rN+ MR+++ Clar}
   (You found it on level 3 of the Snake Pit)

   [amulet of nothing]

   It protects you from negative energy.
   It affects your resistance to hostile enchantments.
   It protects you against confusion.
 u - an uncursed amulet of regeneration
 C - a ring of resist corrosion (right claw)
 D - an uncursed ring of see invisible
 M - a +4 ring of slaying (left claw)
 N - a +6 ring of protection
 P - the macabre finger necklace {rN+}
   (You took it off a deep elf sorcerer on level 2 of the Elven Halls)

   [amulet of nothing]

   It protects you from negative energy.
Wands
 y - a wand of disintegration (5/24)
 K - a wand of digging (15/24)
 T - a wand of polymorph (16/24)
Scrolls
 b - 4 scrolls of magic mapping
 c - a scroll of immolation
 j - 20 scrolls of remove curse
 l - 2 scrolls of torment {unknown}
 n - 10 scrolls of teleportation
 F - 4 scrolls of blinking
 G - 4 scrolls of fear
 J - 2 scrolls of identify
 L - a scroll of silence {unknown}
 Q - a scroll of noise {unknown}
 R - 4 scrolls of fog
 V - a scroll of brand weapon
 W - 2 scrolls of recharging {unknown}
Potions
 a - 5 potions of haste
 d - a potion of might
 e - 3 potions of flight
 h - 6 potions of agility
 m - 3 potions of resistance {unknown}
 o - 7 potions of curing
 s - 3 potions of cure mutation
 v - 7 potions of heal wounds
 x - 4 potions of degeneration {unknown}
 A - 3 potions of berserk rage
 E - a potion of brilliance
 S - 2 potions of ambrosia {unknown}
 U - 2 potions of invisibility
Comestibles
 f - 11 bread rations
 r - 13 meat rations
 I - 8 fruits


   Skills:
 + Level 18.2 Fighting
 + Level 20.4 Long Blades
   Level 1.0 Axes
   Level 4.7(6.2) Slings
 - Level 5.7(6.4) Throwing
 + Level 14.1 Armour
 + Level 9.0 Dodging
 + Level 3.3 Stealth
 + Level 25.4 Shields
 + Level 6.8 Invocations
 + Level 0.8 Evocations


You had 19 spell levels left.
You didn't know any spells.

Dungeon Overview and Level Annotations

Branches:
Dungeon (13/15)            Temple (0/1) D:7            Lair (6/6) D:11
 Shoals (4/4) Lair:3        Snake (4/4) Lair:3        Slime (5/5) Lair:5
    Orc (2/2) D:9             Elf (3/3) Orc:2
 Vaults: D:13-14

Altars:
Ashenzari
Cheibriados
Fedhas
Gozag
Hepliaklqana
Kikubaaqudgha
Nemelex Xobeh
Qazlal
Ru
Sif Muna
Xom
The Shining One

Shops:
D:7 }   D:8 :   Orc:2 ([=:}   Shoals:4 =   Snake:1 *   Snake:2 %?%*

Annotations:
Slime:5 Royal Jelly


Innate Abilities, Weirdness & Mutations

You reflexively headbutt those who attack you in melee.
You have a pair of large horns on your head.
You have sharp fingernails.
You are partially covered in large bone plates. (SH +4)
You are partially covered in rugged brown scales. (AC +1, +3% HP)
Scrolls take you a little longer to read.
You possess an exceptional clarity of mind.
Your flesh is cold resistant. (rC+)
Your body sometimes deteriorates upon taking damage.
You are somewhat resistant to further mutation.
You are weak. (Str -2)


Message History

The azure jelly hits you but does no damage.
You feel much better. The acid blob spits acid at you.
The splash of acid hits you!
You are splashed with acid!
The acid burns!
You resist.
* * * LOW HITPOINT WARNING * * *
The acid blob spits acid at you.
The splash of acid is repelled.
You block the azure jelly's attack. x4
The death ooze is engulfed in roaring flames.
The death ooze hits you!
* * * LOW HITPOINT WARNING * * *
The death ooze hits you.
* * * LOW HITPOINT WARNING * * *
The azure jelly closely misses you.
The azure jelly hits you but does no damage. x2
The azure jelly hits you.
* * * LOW HITPOINT WARNING * * *
The acid blob is engulfed in roaring flames.
The acid blob hits you!!
You die...

#....................#
##...............#...#
##.....#.#......###.##
#....#..##........#.##
##...................#
#...................##
###...#.§.<...........#
###.........JJ§......#.##
##.........§J@J........#.# #.
##...........§JJ§..............
#...........#..§.....#..#....#
##...###.#..........#..###..##
##.## ###.........#.........##
#.# ##....................# ...
##.....#..........##..## ##.#
#.....##.......#...# ###
##...##.#.......#.##


You could see 3 acid blobs, 2 azure jellies and a death ooze.

Vanquished Creatures
  4 deep elf blademasters
  2 deep elf master archers (Elf:3)
  12 acid blobs
  Kirke (Lair:6)
  14 nagarajas
  Donald (Elf:2)
  Ilsuiw (Shoals:3)
  4 azure jellies
  8 deep elf sorcerers
  An orc warlord (Orc:1)
  4 deep elf elementalists
  5 deep elf demonologists
  7 deep elf annihilators (Elf:3)
  2 dire elephants (Lair:6)
  The ghost of Inarius the Blocker, a journeyman MiFi of Makhleb (D:13)
  5 deep elf death magi
  A merfolk javelineer (Shoals:2)
  Josephine (Shoals:1)
  2 death oozes
  5 merfolk impalers
  4 deep elf high priests
  Fannar (Lair:2)
  4 hydras
  2 great orbs of eyes
  11 naga warriors
  6 merfolk avatars
  9 anacondas
  A centaur warrior (D:13)
  2 satyrs
  6 merfolk aquamancers
  4 death yaks (Lair:5)
  40 dancing weapons
  15 naga sharpshooters
  8 shock serpents
  25 deep elf knights
  A fire crab (Shoals:2)
  A salamander mystic (Snake:3)
  A small abomination (Elf:2)
  10 sea snakes
  3 naga ritualists
  An unseen horror (D:11)
  2 hill giants
  15 deep elf archers
  2 orc knights (Orc:1)
  9 harpies
  An ugly thing (D:12)
  2 orc sorcerers
  2 shining eyes (Slime:2)
  A cyclops (D:11)
  4 mana vipers (Snake:3)
  3 oklob plants
  19 fauns
  71 deep elf magi
  8 manticores
  6 salamanders
  10 sirens
  17 naga magi
  21 elephants
  Maurice (D:8)
  18 guardian serpents
  9 water nymphs
  29 black mambas
  A salamander (shapeshifter) (D:13)
  2 torpor snails (Lair:4)
  11 spiny frogs
  An eye of devastation (Slime:2)
  5 rime drakes (Lair:6)
  A kobold demonologist (D:12)
  A gargoyle (D:12)
  11 komodo dragons
  5 trolls
  A meliai (shapeshifter) (Elf:3)
  3 wind drakes
  45 merfolk
  6 polar bears
  2 two-headed ogres
  8 hippogriffs
  6 hornets
  12 blink frogs
  71 slime creatures
  14 snapping turtles
  A shadow (D:12)
  12 water elementals
  7 air elementals
  54 yaks
  3 fire elementals (Elf:1)
  4 wraiths (Shoals:1)
  3 fire bats (Shoals:2)
  15 golden eyes
  A wyvern (D:12)
  2 humans
  A steam dragon (Lair:4)
  3 basilisks
  5 hogs
  A warg (Orc:1)
  39 nagas
  26 water moccasins
  A floating eye (Slime:2)
  33 orc warriors
  2 porcupines
  An ice beast (D:11)
  3 sky beasts
  4 phantoms
  2 black bears
  5 eyes of draining
  17 wolves
  6 ogres
  14 centaurs
  A crocodile (shapeshifter) (Elf:3)
  3 elf zombies
  2 big kobolds (Sewer)
  13 crocodiles
  17 bullfrogs
  2 elf skeletons (D:7)
  4 earth elementals
  3 scorpions
  7 killer bees (D:9)
  2 troll zombies (D:9)
  9 wights
  An electric eel (Lair:3)
  4 howler monkeys
  2 crimson imps
  5 centaur zombies
  3 quasits
  A bullfrog zombie (D:10)
  3 centaur skeletons
  15 orc priests
  7 hounds
  2 human skeletons (D:7)
  An iguana (D:3)
  3 jellies
  2 bullfrog skeletons
  18 orc wizards
  10 worker ants
  2 big kobold zombies (Ossuary)
  4 ogre zombies (D:9)
  2 mummies (Ossuary)
  3 worker ant zombies (D:5)
  19 adders
  A howler monkey skeleton (D:4)
  5 shadow imps
  2 oozes
  2 adder zombies (Ossuary)
  2 adder skeletons
  5 worms
  6 leopard geckos
  70 orcs
  12 ball pythons
  2 giant cockroaches (Sewer)
  5 goblins
  9 hobgoblins
  8 jackals
  18 kobolds
  5 quokkas
  12 bats
  5 frilled lizards
  5 goblin skeletons (D:9)
  4 goblin zombies
  14 hobgoblin zombies
  7 kobold zombies (Ossuary)
  3 orc skeletons
  14 orc zombies
  8 rats
  3 rat zombies (Ossuary)
  23 fungi
  42 plants
1419 creatures vanquished.

Vanquished Creatures (collateral kills)
  A hog (Lair:6)
1 creature vanquished.

Vanquished Creatures (others)
  2 deep elf master archers (Elf:3)
  3 merfolk javelineers (Shoals:4)
  2 naga warriors
  A satyr (Shoals:4)
  3 naga sharpshooters
  A deep elf knight (Elf:2)
  2 deep elf archers
  A harpy (Shoals:3)
  A deep elf mage (Elf:2)
  2 salamanders
  A manticore (Shoals:4)
  3 fauns (Shoals:4)
  A merfolk (Shoals:4)
  A hornet (D:12)
  A human (Lair:6)
  2 nagas (Snake:2)
  An ogre (Orc:2)
  5 centaurs
  7 fungi
  28 plants
68 creatures vanquished.

Grand Total: 1488 creatures vanquished

Notes
Turn   | Place    | Note
-------+----------+-------------------------------------------
     0 | D:1      | Inarius the Minotaur Fighter began the quest for the Orb.
     0 | D:1      | Reached XP level 1. HP: 19/19 MP: 0/0
   214 | D:1      | Reached XP level 2. HP: 27/27 MP: 1/1
   363 | D:1      | Found a sparkling altar of Nemelex Xobeh.
   413 | D:2      | Reached skill level 4 in Shields
   629 | D:2      | Reached XP level 3. HP: 33/33 MP: 2/2
   933 | D:3      | Reached XP level 4. HP: 40/40 MP: 3/3
  2149 | D:4      | Noticed an air elemental
  2151 | D:4      | Found a stormy altar of Qazlal.
  2152 | D:4      | Noticed a fire elemental
  2152 | D:4      | Noticed a water elemental
  2152 | D:4      | Noticed an earth elemental
  2157 | D:4      | Became a worshipper of Qazlal Stormbringer
  2267 | D:4      | Reached XP level 5. HP: 41/47 MP: 4/4
  2456 | D:4      | Noticed an ogre
  2492 | D:3      | Killed an ogre
  2492 | D:3      | Reached skill level 5 in Long Blades
  2492 | D:3      | Reached skill level 1 in Dodging
  2492 | D:3      | Reached skill level 5 in Shields
  2492 | D:3      | Reached XP level 6. HP: 11/53 MP: 5/5
  2715 | D:4      | Found a blossoming altar of Fedhas.
  2786 | D:5      | Entered Level 5 of the Dungeon
  2833 | D:5      | Reached skill level 5 in Armour
  2875 | D:5      | Gained mutation: You have a pair of large horns on your head. [potion of mutation]
  2875 | D:5      | Gained mutation: You are surrounded by a mild repulsion field. (EV +2) [potion of mutation]
  2875 | D:5      | Gained mutation: You are resistant to hostile enchantments. (MR+) [potion of mutation]
  2949 | D:5      | Reached skill level 5 in Fighting
  3000 | D:5      | Found a sacrificial altar of Ru.
  3052 | D:5      | Reached XP level 7. HP: 60/61 MP: 6/6
  3153 | D:5      | Reached * piety under Qazlal
  3240 | D:5      | Reached skill level 6 in Shields
  3670 | D:6      | Found a glowing drain.
  3681 | Sewer    | Entered a sewer
  3812 | Sewer    | Reached ** piety under Qazlal
  3820 | Sewer    | Reached XP level 8. HP: 69/69 MP: 7/7
  4069 | D:6      | Reached skill level 7 in Shields
  4103 | D:6      | Found a shattered altar of Ashenzari.
  4461 | D:6      | Reached skill level 1 in Throwing
  4610 | D:6      | Found a glowing golden altar of the Shining One.
  4950 | D:7      | Identified a scroll of acquirement
  5232 | D:7      | Reached skill level 8 in Shields
  5277 | D:7      | Found a staircase to the Ecumenical Temple.
  5312 | D:7      | Reached XP level 9. HP: 75/75 MP: 8/8
  5317 | D:7      | Reached *** piety under Qazlal
  5389 | D:7      | Found a sand-covered staircase.
  5394 | Ossuary  | Entered an ossuary
  5518 | Ossuary  | Reached skill level 10 in Long Blades
  5524 | Ossuary  | Reached **** piety under Qazlal
  5837 | D:7      | Found Sali's Quality Used Wands.
  6259 | D:8      | Noticed Maurice
  6268 | D:8      | Killed Maurice
  6357 | D:8      | Found Linn's Book Shop.
  6404 | D:8      | Gained mutation: Your body sometimes deteriorates upon taking damage. [potion of mutation]
  6404 | D:8      | Gained mutation: You are robust. (+10% HP) [potion of mutation]
  6405 | D:8      | Gained mutation: Your muscles are strong. (Str +2) [potion of mutation]
  6442 | D:8      | Gained mutation: You can translocate small distances at will. [mutagenic meat]
  6444 | D:8      | Gained mutation: You are dopey. (Int -2) [mutagenic meat]
  6445 | D:8      | Gained mutation: You are partially covered in large bone plates. (SH +4) [mutagenic meat]
  6446 | D:8      | Gained mutation: Your flesh is heat resistant. (rF+) [mutagenic meat]
  6449 | D:8      | Found a hazy altar of Hepliaklqana.
  6560 | D:8      | Got an ancient halberd
  6571 | D:8      | Identified the cursed +2 halberd of Symnit {pain, rPois MR+ Str-3 Stlth+} (You found it on level 8 of the Dungeon)
  6990 | D:8      | Found a deep blue altar of Sif Muna.
  7111 | D:9      | Reached skill level 9 in Shields
  7128 | D:9      | Reached XP level 10. HP: 88/94 MP: 9/9
  7156 | D:9      | Got a topaz-encrusted ring mail
  7167 | D:9      | Identified the +5 ring mail "Cioru" {Dex+2 Stlth+} (You found it on level 9 of the Dungeon)
  7391 | D:9      | Found a staircase to the Orcish Mines.
  7490 | D:9      | Reached skill level 1 in Invocations
  7503 | D:9      | Reached skill level 1 in Stealth
  7924 | D:10     | Entered Level 10 of the Dungeon
  7963 | D:10     | Reached skill level 10 in Shields
  8321 | D:10     | Found a glowing golden altar of the Shining One.
  8739 | D:11     | Noticed a manticore
  8747 | D:11     | Killed a manticore
  8747 | D:11     | Reached ***** piety under Qazlal
  8747 | D:11     | Reached XP level 11. HP: 86/104 MP: 10/10
  8819 | D:11     | Found a staircase to the Lair.
  8861 | D:11     | Noticed a hill giant
  8868 | D:11     | Killed a hill giant
  8868 | D:11     | Reached skill level 11 in Shields
  9146 | D:11     | Found a flagged portal.
  9242 | D:11     | Noticed an unseen horror
  9249 | D:11     | Killed an unseen horror
  9442 | D:12     | Noticed a green ugly thing
  9462 | D:12     | Noticed a hill giant
  9483 | D:12     | Killed a green ugly thing
  9493 | D:12     | Killed a hill giant
  9512 | D:12     | Gained mutation: Scrolls take you a little longer to read. [mutagenic meat]
  9513 | D:12     | Gained mutation: You are clumsy. (Dex -2) [mutagenic meat]
  9548 | D:12     | Lost mutation: Your muscles are strong. (Str +2) [potion of mutation]
  9551 | D:12     | Noticed a deep elf mage
  9555 | D:12     | Killed a deep elf mage
  9645 | D:12     | Reached skill level 12 in Shields
  9652 | D:12     | Reached XP level 12. HP: 115/115 MP: 12/12
 10087 | D:12     | Reached skill level 5 in Dodging
 10375 | D:13     | Reached skill level 15 in Long Blades
 10385 | D:13     | Noticed Inarius's ghost (journeyman MiFi)
 10396 | D:13     | Noticed a centaur warrior
 10438 | D:13     | Killed Inarius's ghost
 10438 | D:13     | Reached skill level 10 in Fighting
 10438 | D:13     | Killed a centaur warrior
 10506 | Orc:1    | Entered Level 1 of the Orcish Mines
 10692 | Orc:2    | Entered Level 2 of the Orcish Mines
 10922 | Orc:2    | Reached skill level 13 in Shields
 11252 | Orc:2    | Found a staircase to the Elven Halls.
 11319 | Orc:2    | Noticed an orc warlord
 11350 | Orc:1    | Killed an orc warlord
 11377 | Orc:1    | Reached XP level 13. HP: 105/125 MP: 8/13
 11706 | Orc:2    | Found Ihypt's Antique Weapon Emporium.
 11744 | Orc:2    | Found Ucro's Jewellery Shoppe.
 11744 | Orc:2    | Found Oran's Book Boutique.
 11746 | Orc:2    | Found Nierul's Gadget Shop.
 11748 | Orc:2    | Found Kaowam's Armour Emporium.
 11766 | Orc:2    | Bought the ring of Fun {rCorr *Drain rElec rN+} for 489 gold pieces
 11991 | Lair:1   | Entered Level 1 of the Lair of Beasts
 12035 | Lair:1   | Reached skill level 14 in Shields
 12154 | Lair:1   | Reached skill level 1 in Axes
 13199 | Lair:2   | Noticed Fannar
 13250 | Lair:2   | Killed Fannar
 13492 | Lair:2   | Reached skill level 15 in Shields
 14226 | Lair:3   | Found a staircase to the Snake Pit.
 14568 | Lair:3   | Found a staircase to the Shoals.
 15182 | Lair:4   | Found a snail-covered altar of Cheibriados.
 15200 | Lair:4   | Reached XP level 14. HP: 136/136 MP: 14/14
 15869 | Lair:5   | Reached skill level 5 in Throwing
 15905 | Lair:5   | Reached skill level 16 in Shields
 15952 | Lair:5   | Found a staircase to the Slime Pits.
 15988 | Lair:5   | You fall through a shaft!
 15988 | Lair:6   | Entered Level 6 of the Lair of Beasts
 16251 | Lair:6   | Noticed Kirke
 16266 | Lair:6   | Killed Kirke
 16709 | Lair:5   | You fall through a shaft!
 16820 | Lair:5   | Reached skill level 17 in Shields
 16931 | Lair:5   | Got a faintly glowing hunting sling
 16938 | Lair:5   | Identified the +4 hunting sling of Amefeur {freeze, rF+ Dex+3} (You found it on level 5 of the Lair of Beasts)
 17536 | Lair:6   | Reached XP level 15. HP: 107/147 MP: 16/16
 18071 | Snake:1  | Entered Level 1 of the Snake Pit
 18071 | Snake:1  | Noticed a nagaraja
 18095 | Snake:1  | Killed a nagaraja
 18443 | Snake:1  | Found Beodgh's General Store.
 18873 | Orc:2    | Bought a +6 ring of protection for 1170 gold pieces
 19585 | Snake:2  | Reached skill level 1 in Slings
 19905 | Snake:2  | Reached skill level 18 in Shields
 20098 | Snake:2  | Reached ****** piety under Qazlal
 20291 | Snake:2  | Found an opulent altar of Gozag.
 20386 | Snake:2  | Found Xiboi's Magic Scroll Boutique.
 20389 | Snake:2  | Found Moqod's Assorted Antiques.
 20389 | Snake:2  | Found Myhettyu's Food Boutique.
 20392 | Snake:2  | Found Naimaf's Food Shop.
 20429 | Snake:2  | Bought a scroll of identify for 28 gold pieces
 21063 | Snake:3  | Reached skill level 10 in Armour
 21549 | Snake:3  | Found a shimmering altar of Xom.
 22238 | Snake:4  | Entered Level 4 of the Snake Pit
 22260 | Snake:4  | Reached skill level 19 in Shields
 22260 | Snake:4  | Reached XP level 16. HP: 145/160 MP: 17/17
 22394 | Snake:4  | Gained mutation: You possess an exceptional clarity of mind. [mutagenic meat]
 22395 | Snake:4  | Lost mutation: You are resistant to hostile enchantments. (MR+) [mutagenic meat]
 22396 | Snake:4  | Gained mutation: Your spells are a little harder to cast, but a little more powerful. [mutagenic meat]
 22397 | Snake:4  | Gained mutation: You are weak. (Str -2) [mutagenic meat]
 22398 | Snake:4  | Lost mutation: You are robust. (+10% HP) [mutagenic meat]
 22399 | Snake:4  | Lost mutation: Scrolls take you a little longer to read. [mutagenic meat]
 22401 | Snake:4  | Gained mutation: You have sharp fingernails. [mutagenic meat]
 22404 | Snake:4  | Lost mutation: You can translocate small distances at will. [potion of cure mutation]
 22404 | Snake:4  | Lost mutation: Your flesh is heat resistant. (rF+) [potion of cure mutation]
 22404 | Snake:4  | Lost mutation: You are clumsy. (Dex -2) [potion of cure mutation]
 22404 | Snake:4  | Lost mutation: Your spells are a little harder to cast, but a little more powerful. [potion of cure mutation]
 22589 | Snake:4  | Found a hazy altar of Hepliaklqana.
 23231 | Snake:3  | Gained mutation: Your spells are a little harder to cast, but a little more powerful. [mutagenic meat]
 23232 | Snake:3  | Gained mutation: You are partially covered in rugged brown scales. (AC +1, +3% HP) [mutagenic meat]
 23234 | Snake:3  | Lost mutation: You have a pair of large horns on your head. [mutagenic meat]
 23235 | Snake:3  | Gained mutation: Scrolls take you a little longer to read. [mutagenic meat]
 23242 | Snake:3  | Lost mutation: You are dopey. (Int -2) [mutagenic meat]
 23243 | Snake:3  | Gained mutation: You have a pair of large horns on your head. [mutagenic meat]
 23244 | Snake:3  | Lost mutation: Your spells are a little harder to cast, but a little more powerful. [mutagenic meat]
 23245 | Snake:3  | Gained mutation: You are somewhat resistant to further mutation. [mutagenic meat]
 23539 | Snake:3  | Reached skill level 20 in Shields
 24719 | Snake:4  | Got a serpentine rune of Zot
 24951 | Elf:1    | Entered Level 1 of the Elven Halls
 24961 | Orc:2    | Reached XP level 17. HP: 158/158 MP: 19/19
 25145 | Elf:1    | Reached skill level 15 in Fighting
 25304 | Elf:1    | Reached skill level 21 in Shields
 26702 | Elf:2    | Gained mutation: Your flesh is cold resistant. (rC+) [potion of mutation]
 26728 | Elf:2    | Found an ancient bone altar of Kikubaaqudgha.
 26969 | Elf:2    | Found a runed gate.
 26969 | Elf:2    | Found a runed gate.
 26969 | Elf:2    | Found a runed gate.
 27302 | Elf:2    | Reached skill level 22 in Shields
 27302 | Elf:2    | Reached skill level 5 in Invocations
 27327 | Elf:2    | Reached XP level 18. HP: 135/170 MP: 20/20
 27387 | Elf:2    | Noticed Donald
 27413 | Elf:2    | Killed Donald
 28103 | Elf:3    | Entered Level 3 of the Elven Halls
 28478 | Elf:3    | Noticed an Ice Fiend
 28501 | Elf:3    | Reached skill level 23 in Shields
 28544 | Elf:3    | Noticed a Brimstone Fiend
 29278 | Elf:3    | Got a slimy morningstar {freeze}
 29310 | Elf:3    | Got a pitted dagger {venom}
 29316 | Elf:2    | Identified the +8 morningstar of Dismay {freeze, rElec Str+3} (You took it off a deep elf annihilator on level 3 of the Elven Halls)
 29318 | Elf:2    | Identified the cursed +1 dagger of the Boar {venom, +Rage +Inv} (You took it off a deep elf death mage on level 3 of the Elven Halls)
 29402 | Elf:2    | Reached XP level 19. HP: 119/179 MP: 22/22
 29979 | Elf:2    | Got a crystal quarterstaff {elec}
 30023 | Elf:3    | Got a glittering pewter ring
 30024 | Elf:3    | Got an encrusted rapier {pierce}
 30030 | Elf:3    | Identified the +4 rapier of Malaise {pierce, MR++ Int+4} (You took it off a deep elf annihilator on level 3 of the Elven Halls)
 30131 | Elf:3    | Lost mutation: You are surrounded by a mild repulsion field. (EV +2) [mutagenic meat]
 30503 | Elf:3    | Identified Sif Muna's Grimoire of the Enchanting Escort
 30509 | Elf:3    | Identified the Incunabulum of Virous Protection
 30531 | Elf:3    | Identified the ring "Piurax" {*Corrode rC+ rN+++ Str-3 Dex+5} (You took it off a deep elf annihilator on level 3 of the Elven Halls)
 30566 | Elf:3    | Got a warped rapier
 30582 | Elf:3    | Identified the Catalogue of the Mountains and the Glacier
 30625 | Elf:3    | Identified the cursed +0 rapier "Fazxeurph" {freeze, rC- rN+ Int+4} (You found it on level 3 of the Elven Halls)
 31117 | Shoals:1 | Entered Level 1 of the Shoals
 31271 | Shoals:1 | Noticed Josephine
 31285 | Shoals:1 | Killed Josephine
 31936 | Shoals:2 | Reached skill level 24 in Shields
 33421 | Snake:1  | Bought a scroll of acquirement for 780 gold pieces
 33427 | Snake:1  | Got a smoking cloak
 33440 | Snake:1  | Identified the +0 cloak of the Comet {+Inv +Fly Dex+2} (You acquired it on level 1 of the Snake Pit)
 33870 | Shoals:4 | Entered Level 4 of the Shoals
 33880 | Shoals:4 | Noticed Ilsuiw
 34007 | Shoals:3 | Killed Ilsuiw
 35022 | Shoals:4 | Found Coqeowoh's Jewellery Emporium.
 35190 | Shoals:4 | Reached XP level 20. HP: 192/192 MP: 23/23
 35430 | Shoals:4 | Got a barnacled rune of Zot
 35497 | Shoals:4 | Bought the ring of Insomnia {rPois Str+4 Int-4 Dex+8} for 569 gold pieces
 35745 | Slime:1  | Entered Level 1 of the Pits of Slime
 36391 | Slime:2  | Paralysed by a floating eye for 3 turns
 36396 | Slime:2  | Reached skill level 25 in Shields
 37984 | Slime:5  | Entered Level 5 of the Pits of Slime
 38254 | Slime:5  | Noticed the Royal Jelly
 38428 | Slime:4  | Mangled by an acid blob

Skill      XL: |  1  2  3  4  5  6  7  8  9 10 11 12 13 14 15 16 17 18 19 20 |
---------------+-------------------------------------------------------------+-----
Shields        | 4 5 6 8 9 10 12 13 15 17 19 20 22 23 24 25 | 25.4
Fighting       | 4 5 6 7 8 9 10 11 12 14 16 17 18 | 18.2
Long Blades    | 3 4 5 6 7 9 11 13 14 15 16 17 18 19 20 | 20.4
Armour         | 4 5 6 7 8 9 10 11 12 13 14 | 14.1
Dodging        | 1 2 3 4 6 7 8 9 |  9.0
Throwing       | 1 2 3 4 5 |  5.7
Invocations    | 1 2 3 4 5 6 |  6.8
Stealth        | 1 2 3 |  3.3
Axes           | 1 |  1.0
Slings         | 4 |  4.7
Evocations     | |  0.8

Action                   |  1- 3 |  4- 6 |  7- 9 | 10-12 | 13-15 | 16-18 | 19-21 || total
-------------------------+-------+-------+-------+-------+-------+-------+-------++-------
Melee: Long sword        |    69 |   137 |   213 |       |       |       |       ||   419
       Headbutt          |     8 |    27 |    85 |   124 |   227 |   204 |   238 ||   913
       Double sword      |       |       |   220 |   533 |   891 |   960 |   839 ||  3443
       War axe           |       |       |       |       |    17 |       |       ||    17
 Fire: Hunting sling     |       |       |       |       |    60 |     9 |       ||    69
Throw: Tomahawk          |       |       |    19 |    76 |    48 |       |       ||   143
       Javelin           |       |       |       |     8 |       |       |       ||     8
       Stone             |       |       |       |       |     3 |     1 |       ||     4
Invok: Upheaval          |       |       |     2 |    11 |    15 |    18 |    24 ||    70
       Disaster Area     |       |       |       |     1 |       |     1 |     2 ||     4
       Elemental Force   |       |       |       |       |     1 |     1 |       ||     2
 Abil: Evoke Invisibilit |       |       |       |       |       |       |     1 ||     1
  Use: Scroll            |       |     5 |    13 |       |    19 |     7 |     6 ||    50
       Potion            |       |     1 |     2 |     1 |       |    14 |     4 ||    22
  Eat: Chunk             |       |     7 |    14 |    15 |    18 |    38 |    15 ||   107
       Pizza             |       |       |     1 |       |     5 |     7 |     2 ||    15
       Bread ration      |       |       |     1 |       |     1 |       |       ||     2
       Beef jerky        |       |       |       |     1 |     2 |     1 |       ||     4
       Royal jelly       |       |       |       |       |     1 |       |     3 ||     4
       Fruit             |       |       |       |       |       |       |    11 ||    11
Armor: Scale mail        |    31 |    51 |       |       |       |       |       ||    82
       Chain mail        |       |    13 |    49 |       |       |       |       ||    62
       Plate armour      |       |       |    68 |       |    25 |   106 |   243 ||   442
       Ring mail         |       |       |       |    73 |    50 |       |       ||   123
Dodge: Dodged            |    30 |    30 |    92 |   161 |   158 |   118 |   221 ||   810
       Deflected         |       |       |       |    18 |    14 |    44 |    23 ||    99
Block: Shield            |    37 |    68 |   269 |   691 |  1084 |   761 |  1283 ||  4193
       Reflection        |       |       |       |       |    87 |   134 |   158 ||   379
       Large shield      |       |       |       |       |       |   420 |       ||   420
       Rpst.: Long sword |     4 |     7 |    12 |       |       |       |       ||    23
       Double sword      |       |       |    11 |    33 |    27 |    16 |    38 ||   125
